 Dungeon Sprint DCSS version 0.29-a0-23-ga79f92ac9c (webtiles) character file.

Game seed: 11128599510361779944

23046 mhtbhm the Minotaur Blade (level 12, -12/134 HPs)
             Began as a Minotaur Fighter on Jan 30, 2022.
             Was an Initiate of Gozag.
             Killed from afar by a rakshasa (illusionary) (18 damage)
             ... with a lance of force
             ... in the Dungeon (Sprint IX: "|||||||||||||||||||||||||||||") on Jan 31, 2022.
             The game lasted 00:09:56 (4888 turns).

mhtbhm the Minotaur Blade (Minotaur Fighter)        Turns: 4888, Time: 00:09:58

Health: -12/134    AC: 19    Str: 26    XL:     12   Next: 68%
Magic:  11/11      EV: 15    Int:  5    God:    Gozag
Gold:   7382       SH:  7    Dex: 10    Spells: 11/11 levels left

rFire   + + .      SeeInvis .   a - +2 scimitar (drain)
rCold   + + .      Faith    .   c - +0 buckler
rNeg    . . .      Spirit   .   b - +2 scale mail {rC+}
rPois   +          Reflect  .   (helmet restricted)
rElec   +          Harm     .   t - +0 cloak
rCorr   +          Rampage  .   B - +1 pair of gloves
Will    .....      NoTele   +   u - +0 pair of boots
Stlth   +.........              (no amulet)
HPRegen 0.32/turn               z - ring of protection from fire
MPRegen 0.12/turn               o - +2 ring of evasion

@: resistant, gold aura, on berserk cooldown, slowed, very slow
A: horns 2, retaliatory headbutt
a: Renounce Religion, Potion Petition, Call Merchant, Bribe Branch


You were in the Dungeon.
You worshipped Gozag.
Gozag was greatly pleased with you.
You visited 1 branch You collected 10239 gold pieces.
You spent 765 gold pieces at shops.
You paid 2092 gold pieces to Gozag.

Inventory:

Hand Weapons
 a - a +2 scimitar of draining (weapon)
Missiles
 w - a throwing net (quivered)
Armour
 b - a +2 scale mail of cold resistance (worn)
 c - a +0 buckler (worn)
 t - a +0 cloak (worn)
 u - a +0 pair of boots (worn)
 B - a +1 pair of gloves (worn)
Jewellery
 o - a +2 ring of evasion (right hand)
 y - a ring of protection from cold
 z - a ring of protection from fire (left hand)
Scrolls
 j - 4 scrolls of blinking
 l - 2 scrolls of amnesia
 q - 2 scrolls of fear
 r - 4 scrolls of enchant armour
 s - 4 scrolls of identify
 v - 2 scrolls of immolation
Potions
 d - a potion of might
 e - 4 potions of curing
 f - 5 potions of heal wounds
 g - 4 potions of haste
 h - 4 potions of magic
 i - 2 potions of brilliance
 k - 2 potions of invisibility
 m - 3 potions of berserk rage
 n - 2 potions of resistance
 p - a potion of mutation


   Skills:
 + Level 20.4 Fighting
 + Level 22.2 Long Blades
 + Level 0.8 Throwing
 + Level 19.3 Armour
 + Level 8.1 Dodging
 - Level 3.1 Stealth
 + Level 13.4 Shields
 + Level 5.6 Evocations


You had 11 spell levels left.
You didn't know any spells.
Your spell library was empty.

Dungeon Overview and Level Annotations

Branches:
Dungeon (1/1)

Altars:
Cheibriados
Dithmenos
Elyvilon
Fedhas
Gozag
Hepliaklqana
Kikubaaqudgha
Makhleb
Nemelex Xobeh
Okawaru
Qazlal
Ru
Sif Muna
Trog
Uskayaw
Vehumet
Wu Jian
Xom
Yredelemnul
Zin
The Shining One
Beogh
Jiyva
Lugonu

Shops:
D [!?*


Innate Abilities, Weirdness & Mutations

You have a pair of horns on your head.
You reflexively headbutt those who attack you in melee.


Message History

You are knocked back by the lance of force.
You collide with the rakshasa!
The rakshasa is no longer distracted by gold.
The rakshasa is severely wounded.
* * * LOW HITPOINT WARNING * * *
The rakshasa gestures at you. The lance of force misses you.
You are no longer berserk.
You are exhausted.
You feel yourself slow down.
Unknown command.
You closely miss the rakshasa. Your headbutt misses the rakshasa.
The rakshasa is severely wounded.
The rakshasa hits you but does no damage.
The rakshasa blinks!
The rakshasa hits you with a +0 whip.
* * * LOW HITPOINT WARNING * * *
The rakshasa hits you with a +0 whip.
* * * LOW HITPOINT WARNING * * *
As you read the scroll of fear, it crumbles to dust.
You assume a fearsome visage.
The rakshasa looks frightened!
The rakshasa resists with almost no effort. x2
The rakshasa is distracted by your dazzling golden aura.
The rakshasa hits you with a +0 whip!
* * * LOW HITPOINT WARNING * * *
Unknown command.
As you read the scroll of fear, it crumbles to dust.
You assume a fearsome visage.
The rakshasa easily resists.
The rakshasa resists with almost no effort.
The rakshasa hits you with a +0 whip!
* * * LOW HITPOINT WARNING * * *
You block the rakshasa's attack.
Unknown command.
You closely miss the rakshasa. You headbutt the rakshasa!
The rakshasa is almost dead.
The rakshasa is no longer distracted by gold.
The rakshasa blinks! x2
The rakshasa gestures at you. The lance of force hits you!!
You die...
Your body crumbles into a pile of gold.

▓▓▓▓▓▓▓▓▓▓▓▓▓▓
..uCRC.§....).
▓▓▓▓▓▓▓▓▓▓▓▓▓▓▓▓▓▓▓▓▓▓▓▓▓▓
▓...R..R§@§R.....).[......
▓.▓▓▓▓▓▓▓▓▓▓▓▓▓▓▓▓▓▓▓▓▓▓▓▓
▓.........'.....∩[∩.∩.∩...
▓▓▓▓▓▓▓▓▓▓▓▓▓▓▓▓▓▓▓▓▓▓▓▓▓▓
▓.........................
▓.▓▓▓▓▓▓▓▓▓▓▓▓▓▓▓▓▓▓▓▓▓▓▓▓
▓....'...[[...'(..).......
▓▓▓▓▓▓▓▓▓▓▓▓▓▓▓▓▓▓▓▓▓▓▓▓▓▓
▓.........................


You could see 3 rakshasas.

Vanquished Creatures
  2 fire giants (D)
  A very ugly thing (D)
  A fire dragon (D)
  A boulder beetle (D)
  2 hydras (D)
  Harold (D)
  An ogre mage (D)
  5 centaur warriors (D)
  A two-headed ogre (D)
  7 orc knights (D)
  2 deep elf pyromancers (D)
  A slime creature (D)
  An orc sorcerer (D)
  8 elephants (D)
  6 cane toads (D)
  A kobold demonologist (D)
  2 komodo dragons (D)
  A rime drake (D)
  A troll (D)
  A blink frog (D)
  3 yaks (D)
  Eustachio (D)
  A steam dragon (D)
  4 water moccasins (D)
  16 orc warriors (D)
  2 bullfrogs (D)
  A killer bee (D)
  A hound (D)
  6 orc priests (D)
  An iguana (D)
  3 orc wizards (D)
  An adder (D)
  An adder zombie (D)
  6 orcs (D)
  An endoplasm (D)
  A hobgoblin (D)
  2 ball pythons (D)
  A quokka zombie (D)
  A rat (D)
99 creatures vanquished.

Notes
Turn   | Place    | Note
-------+----------+-------------------------------------------
     0 | D        | mhtbhm the Minotaur Fighter began the quest for the Orb.
     0 | D        | Reached XP level 1. HP: 19/19 MP: 0/0
    19 | D        | Noticed an iguana
    19 | D        | Noticed a hound
    28 | D        | Killed a hound
    29 | D        | Reached skill level 5 in Fighting
    29 | D        | Reached skill level 3 in Long Blades
    29 | D        | Reached skill level 5 in Armour
    29 | D        | Reached skill level 5 in Shields
    29 | D        | Reached XP level 2. HP: 26/29 MP: 1/1
    29 | D        | Reached XP level 3. HP: 33/36 MP: 2/2
    34 | D        | Reached skill level 4 in Long Blades
    40 | D        | Reached XP level 4. HP: 29/44 MP: 3/3
    44 | D        | Reached skill level 5 in Long Blades
    49 | D        | Found a snail-covered altar of Cheibriados.
    49 | D        | Found a shadowy altar of Dithmenos.
    49 | D        | Found a white marble altar of Elyvilon.
    49 | D        | Found a blossoming altar of Fedhas.
    49 | D        | Found an opulent altar of Gozag.
    50 | D        | Found a hazy altar of Hepliaklqana.
    51 | D        | Found a viscous altar of Jiyva.
    52 | D        | Found an ancient bone altar of Kikubaaqudgha.
    53 | D        | Found a corrupted altar of Lugonu.
    54 | D        | Found a burning altar of Makhleb.
    55 | D        | Found a sparkling altar of Nemelex Xobeh.
    56 | D        | Found an iron altar of Okawaru.
    57 | D        | Found a stormy altar of Qazlal.
    58 | D        | Found a sacrificial altar of Ru.
    61 | D        | Became a worshipper of Gozag Ym Sagoz the Greedy
    64 | D        | Found a shimmering blue altar of Sif Muna.
    65 | D        | Found a bloodstained altar of Trog.
    66 | D        | Found a hide-covered altar of Uskayaw.
    67 | D        | Found a radiant altar of Vehumet.
    68 | D        | Found an ornate altar of the Wu Jian Council.
    69 | D        | Found a shimmering altar of Xom.
    70 | D        | Found a basalt altar of Yredelemnul.
    71 | D        | Found a glowing silver altar of Zin.
    72 | D        | Found a glowing golden altar of the Shining One.
   186 | D        | Noticed a yak
   186 | D        | Noticed a steam dragon
   186 | D        | Noticed a yak
   186 | D        | Noticed an orc warrior
   186 | D        | Noticed a two-headed ogre
   189 | D        | Reached skill level 6 in Long Blades
   194 | D        | Killed a two-headed ogre
   195 | D        | Reached skill level 10 in Fighting
   195 | D        | Reached skill level 11 in Long Blades
   195 | D        | Reached XP level 5. HP: 59/59 MP: 4/4
   195 | D        | Reached XP level 6. HP: 67/67 MP: 5/5
   195 | D        | Reached XP level 7. HP: 73/73 MP: 6/6
   200 | D        | Reached skill level 12 in Long Blades
   201 | D        | Killed a yak
   202 | D        | Reached skill level 10 in Armour
   203 | D        | Killed a steam dragon
   204 | D        | Reached skill level 13 in Long Blades
   204 | D        | Reached skill level 1 in Evocations
   204 | D        | Reached XP level 8. HP: 76/82 MP: 7/7
   334 | D        | Noticed a kobold demonologist
   334 | D        | Noticed a centaur warrior
   334 | D        | Noticed a troll
   334 | D        | Noticed a centaur warrior
   334 | D        | Noticed a slime creature
   334 | D        | Noticed a slime creature
   345 | D        | Killed a large slime creature
   346 | D        | Reached skill level 14 in Long Blades
   347 | D        | Killed a centaur warrior
   348 | D        | Reached skill level 15 in Long Blades
   348 | D        | Reached XP level 9. HP: 55/90 MP: 8/8
   351 | D        | Killed a troll
   352 | D        | Reached skill level 16 in Long Blades
   352 | D        | Noticed a smoke demon
   358 | D        | Killed a centaur warrior
   359 | D        | Reached skill level 17 in Long Blades
   365 | D        | Killed a kobold demonologist
   366 | D        | Reached skill level 1 in Stealth
   764 | D        | Noticed a rime drake
   764 | D        | Noticed a cane toad
   764 | D        | Noticed an eight-headed hydra
   772 | D        | Noticed a komodo dragon
   774 | D        | Killed a 13-headed hydra
   774 | D        | Killed a rime drake
   775 | D        | Reached skill level 18 in Long Blades
   775 | D        | Reached skill level 10 in Shields
   775 | D        | Reached XP level 10. HP: 43/101 MP: 9/9
   780 | D        | Killed a cane toad
   781 | D        | Noticed a cane toad
   796 | D        | Killed a cane toad
  1061 | D        | Noticed a cane toad
  1061 | D        | Noticed a cane toad
  1069 | D        | Noticed a cane toad
  1070 | D        | Noticed a cane toad
  1076 | D        | Killed a cane toad
  1258 | D        | Reached skill level 19 in Long Blades
  1260 | D        | Killed a cane toad
  1269 | D        | Killed a cane toad
  1270 | D        | Reached skill level 15 in Armour
  1273 | D        | Killed a cane toad
  1522 | D        | Noticed an elephant
  1522 | D        | Noticed an elephant
  1522 | D        | Noticed an elephant
  1522 | D        | Noticed an elephant
  1522 | D        | Noticed an elephant
  1522 | D        | Noticed an elephant
  1526 | D        | Noticed an elephant
  1527 | D        | Killed an elephant
  1528 | D        | Reached skill level 15 in Fighting
  1537 | D        | Killed an elephant
  1538 | D        | Reached XP level 11. HP: 110/112 MP: 10/10
  1540 | D        | Reached skill level 5 in Dodging
  1683 | D        | Noticed Eustachio
  1689 | D        | Killed Eustachio
  1728 | D        | Noticed an orc sorcerer
  1728 | D        | Noticed an orc knight
  1730 | D        | Killed an orc sorcerer
  1732 | D        | Killed an orc knight
  1733 | D        | Reached skill level 20 in Long Blades
  1755 | D        | Reached skill level 5 in Evocations
  1800 | D        | Noticed an orc knight
  1811 | D        | Noticed an orc knight
  1818 | D        | Killed an orc knight
  2132 | D        | Killed an orc knight
  2496 | D        | Found Buanyi Duysk's General Store.
  2496 | D        | Noticed an orc knight
  2496 | D        | Noticed an orc knight
  2504 | D        | Killed an orc knight
  2516 | D        | Killed an orc knight
  2517 | D        | Found Azxitse's Magic Scroll Shop.
  2996 | D        | Found Ochaischio's Distillery.
  3000 | D        | Found Huwnuuj's Armour Shop.
  3003 | D        | Noticed an orc knight
  3004 | D        | Noticed an orc knight
  3024 | D        | Killed an orc knight
  3025 | D        | Killed an orc knight
  3049 | D        | Bought a potion of haste for 100 gold pieces
  3049 | D        | Bought a potion of invisibility for 80 gold pieces
  3049 | D        | Bought a potion of might for 40 gold pieces
  3049 | D        | Bought a potion of berserk rage for 50 gold pieces
  3049 | D        | Bought a potion of haste for 100 gold pieces
  3049 | D        | Bought a potion of berserk rage for 50 gold pieces
  3051 | D        | Bought a scroll of immolation for 35 gold pieces
  3051 | D        | Bought a scroll of blinking for 75 gold pieces
  3051 | D        | Bought 3 scrolls of fear for 105 gold pieces
  3051 | D        | Bought a scroll of blinking for 75 gold pieces
  3051 | D        | Bought a scroll of immolation for 35 gold pieces
  3053 | D        | Bought a scroll of identify for 20 gold pieces
  3164 | D        | Noticed Harold
  3175 | D        | Killed Harold
  3176 | D        | Reached XP level 12. HP: 115/128 MP: 11/11
  3343 | D        | Noticed a centaur warrior
  3343 | D        | Noticed a boulder beetle
  3343 | D        | Noticed an eight-headed hydra
  3343 | D        | Noticed an ogre mage
  3348 | D        | Killed an ogre mage
  3349 | D        | Reached skill level 21 in Long Blades
  3352 | D        | Noticed a centaur warrior
  3353 | D        | Noticed a centaur warrior
  3360 | D        | Killed a 12-headed hydra
  3361 | D        | Noticed a fire dragon
  3411 | D        | Killed a centaur warrior
  3448 | D        | Killed a centaur warrior
  3455 | D        | Killed a centaur warrior
  3769 | D        | Killed a fire dragon
  3912 | D        | Noticed a cyan very ugly thing
  3913 | D        | Noticed a fire giant
  3913 | D        | Noticed a fire giant
  3914 | D        | Noticed a rakshasa
  3915 | D        | Noticed a fire giant
  3923 | D        | Killed a cyan very ugly thing
  3997 | D        | HP: 6/132 [boulder beetle (3)]
  4564 | D        | Killed a fire giant
  4826 | D        | Killed a fire giant
  4827 | D        | Reached skill level 22 in Long Blades
  4851 | D        | Killed a boulder beetle
  4887 | D        | HP: 6/134 [rakshasa (illusionary) (11)]
  4888 | D        | Killed from afar by a rakshasa (illusionary)

Illustrated notes

Levels and vault maps discovered:
D:        linesprint [early_d, line_temple, items_1, d_10, items_2, lair_1,
          lair_end, items_3, orc_1, orc_end, items_4, d_15, swamp_1, shoals_1,
          snake_1, spider_1, d_20, vaults_1, items_5, swamp_end, shoals_end,
          snake_end, spider_end, vaults_end, d_27, items_6, zot_1, zot_end,
          crypt_end, forest_end, elf_end, slime_end, tomb_end, abyss_end,
          pan_hell_end]

Skill      XL: |  1  2  3  4  5  6  7  8  9 10 11 12 |
---------------+-------------------------------------+-----
Fighting       | 5 6 10 11 12 13 15 18 20 | 20.4
Armour         | 5 9 10 11 13 15 17 19 | 19.3
Shields        | 5 8 9 10 11 12 13 | 13.4
Long Blades    | 3 4 11 13 15 18 19 20 22 | 22.2
Dodging        | 2 3 4 6 8 |  8.1
Evocations     | 1 2 3 4 5 |  5.6
Stealth        | 1 2 3 |  3.1
Throwing       | |  0.8

Action                   |  1- 3 |  4- 6 |  7- 9 | 10-12 || total
-------------------------+-------+-------+-------+-------++-------
Melee: Long sword        |    26 |     4 |       |       ||    30
       Headbutt          |     2 |     1 |    11 |    78 ||    92
       Scimitar          |       |     4 |    42 |   322 ||   368
Throw: Throwing net      |       |       |       |     1 ||     1
Invok: Potion Petition   |       |       |       |     4 ||     4
Evoke: Wand              |       |     2 |     6 |     2 ||    10
  Use: Potion            |       |     2 |       |     4 ||     6
       Scroll            |       |       |       |     7 ||     7
 Stab: Distracted        |       |       |     1 |       ||     1
Armor: Scale mail        |    12 |     2 |       |    30 ||    44
       Chain mail        |       |       |    39 |    37 ||    76
Dodge: Dodged            |    13 |     4 |    22 |    92 ||   131
Block: Buckler           |     5 |     1 |    10 |    46 ||    62

Table legend: (Time is in decaauts)
 A = Elapsed time spent in this place.
 B = Non-inter-level travel time spent in this place.
 C = Inter-level travel time spent in this place.
 D = Time resting spent in this place.
 E = Time spent auto-exploring this place.
 F = Levels seen in this place.
 G = Mean time per level.
                   A        B        C        D        E       F      G
               +--------+--------+--------+--------+--------+-----+--------+
         Total |   4803 |   4576 |    227 |   1748 |    803 |   1 | 4803.0 |
       Dungeon |   4803 |   4576 |    227 |   1748 |    803 |   1 | 4803.0 |
               +--------+--------+--------+--------+--------+-----+--------+

Top non-repeatable levels by time:
       D: 4803 daAuts
